 Dungeon Crawl Stone Soup version 0.28-a0-1629-gf728b707aa (webtiles) character file.

Game seed: 1669275505356977947

142 oldriver the Stinger (level 5, -3/45 HPs)
             Began as a Naga Venom Mage on Jan 24, 2022.
             Slain by a scorpion zombie (6 damage)
             ... on level 3 of the Dungeon.
             The game lasted 00:04:10 (5411 turns).

oldriver the Stinger (Naga Venom Mage)              Turns: 5411, Time: 00:04:11

Health: -3/45      AC:  2    Str: 10    XL:     5   Next: 25%
Magic:  8/9        EV: 10    Int: 17    God:
Gold:   15         SH:  3    Dex: 14    Spells: 3/9 levels left

rFire   . . .      SeeInvis +   d - +0 dagger (speed)
rCold   . . .      Faith    .   g - +0 buckler
rNeg    . . .      Spirit   .   a - +0 robe
rPois   +          Reflect  .   (no helmet)
rElec   .          Harm     .   (no cloak)
rCorr   .          Rampage  .   (no gloves)
Will    .....                   (no barding)
Stlth   ++++......              (no amulet)
HPRegen 0.15/turn               (no ring)
MPRegen 0.11/turn               (no ring)

@: unable to read, very slow
A: AC +1, large, see invisible, deformed body, poison resistance, slowness 2,
spit poison 1, naga tail 1, thin skeletal structure 1, wild magic 1, inability
to read while threatened
a: Spit Poison


You were on level 3 of the Dungeon.
You visited 1 branch of the dungeon, and saw 3 of its levels.

You collected 117 gold pieces.
You spent 102 gold pieces at shops.

Inventory:

Hand Weapons
 d - a +0 dagger of speed (weapon)
Armour
 a - a +0 robe (worn)
 f - the +2 robe "Oterirra" {rElec rC- Dex+6}
   (You bought it in a shop on level 2 of the Dungeon)

   Dex:       It affects your dexterity (+6).
   rC:        It makes you vulnerable to cold.
   rElec:     It insulates you from electricity.
 g - a +0 buckler (worn)
Magical Staves
 i - a staff of earth
Wands
 k - a wand of polymorph (9)
Scrolls
 b - 4 scrolls of identify {unknown}
 c - a scroll of enchant weapon {unknown}
 e - 3 scrolls of teleportation {unknown}
 h - 2 scrolls of fog {unknown}
Potions
 j - a potion of berserk rage {unknown}


   Skills:
 + Level 1.8 Fighting
 + Level 2.3 Dodging
 + Level 4.4 Stealth
 + Level 0.0 Shields
 + Level 2.7 Spellcasting
 - Level 1.0 Transmutations
 + Level 4.9 Poison Magic


You had 3 spell levels left.
You knew the following spells:

 Your Spells              Type           Power      Damage    Failure   Level
a - Sting                 Tmut/Pois      64%        1d6       11%         1
b - Poisonous Vapours     Pois/Air       28%        N/A       17%         2
c - Mephitic Cloud        Conj/Pois/Air  10%        N/A       43%         3

Your spell library contained the following spells:

 Spells                   Type           Power      Damage    Failure   Level
 Animate Skeleton         Necr           6%         N/A       30%         1
 Apportation              Tloc           6%         N/A       30%         1
 Summon Small Mammal      Summ           12%        N/A       30%         1
 Olgreb's Toxic Radiance  Pois           25%        N/A       36%         4


Dungeon Overview and Level Annotations

Branches:
Dungeon (3/15)

Altars:
Xom

Shops:
D:2 [


Innate Abilities, Weirdness & Mutations

Your serpentine skin is tough. (AC +1)
You have supernaturally acute eyesight. (SInv)
Armour fits poorly on your strangely shaped body.
Your system is resistant to poisons. (rPois)
You cover ground very slowly.
You can spit poison.
You have a snake-like lower body.
You have a somewhat thin skeletal structure. (Dex +2, Stealth+)
Your spells are a little harder to cast, but a little more powerful.
You sometimes lose the ability to read scrolls when taking damage.


Message History

The scorpion zombie is severely damaged.
The scorpion zombie closely misses you.
You barely miss the scorpion zombie.
The scorpion zombie is severely damaged.
You hit the scorpion zombie but do no damage.
The scorpion zombie is severely damaged.
The scorpion zombie hits you but does no damage.
You hit the scorpion zombie but do no damage.
The scorpion zombie is severely damaged.
You block the scorpion zombie's attack.
You barely miss the scorpion zombie.
The scorpion zombie is severely damaged.
You can read scrolls again.
The scorpion zombie completely misses you.
You hit the scorpion zombie.
The scorpion zombie is severely damaged.
You hit the scorpion zombie but do no damage.
The scorpion zombie is severely damaged.
The scorpion zombie closely misses you.
You barely miss the scorpion zombie.
The scorpion zombie is severely damaged.
The scorpion zombie barely misses you.
You hit the scorpion zombie.
The scorpion zombie is almost destroyed.
The scorpion zombie closely misses you.
You hit the scorpion zombie but do no damage.
The scorpion zombie is almost destroyed.
You hit the scorpion zombie but do no damage.
The scorpion zombie is almost destroyed.
The scorpion zombie misses you.
You hit the scorpion zombie but do no damage.
The scorpion zombie is almost destroyed.
The scorpion zombie misses you.
You hit the scorpion zombie.
The scorpion zombie is almost destroyed.
You hit the scorpion zombie.
The scorpion zombie is almost destroyed.
The scorpion zombie hits you.
You feel threatened and lose the ability to read scrolls!
You die...

#.#.#.##.###.##.
#.#.#........##.
#.#.####.###.###
##+###.#.# #.# #....
........# #.# ##.##
........# #.# #..#<
##..##### #.# #..#. #.Z#
#.# #.... #.@# #.# #..#.
##.## #.# #..#. ## #..#
#.# #..#. .# #######..#
#.# #..#. .# #........##
####'###..#. .#
###[#####...# #......#..#+
.# #...#
#.#.###......#.... .#
#.#######.#..##......#....
.#
#.##.........#####'###....


You could see a scorpion zombie.

Vanquished Creatures
  A centaur skeleton (D:3)
  3 gnolls
  4 adders
  A dart slug (D:1)
  An orc (D:3)
  5 endoplasms
  2 giant cockroaches
  4 goblins (D:1)
  4 hobgoblins
  3 jackals (D:1)
  2 quokkas
  6 ball pythons
  5 bats
  3 frilled lizards
  4 kobolds
  2 rats
50 creatures vanquished.

Notes
Turn   | Place    | Note
-------+----------+-------------------------------------------
     0 | D:1      | oldriver the Naga Venom Mage began the quest for the Orb.
     0 | D:1      | Reached XP level 1. HP: 15/15 MP: 3/3
   637 | D:1      | Reached XP level 2. HP: 22/24 MP: 0/5
  1672 | D:1      | Reached XP level 3. HP: 30/30 MP: 0/6
  1820 | D:1      | Reached skill level 1 in Fighting
  2329 | D:2      | Learned a level 2 spell: Poisonous Vapours
  2333 | D:2      | Learned a level 3 spell: Mephitic Cloud
  2813 | D:2      | Found a shimmering altar of Xom.
  2932 | D:2      | Found Gumair's Antique Armour Shoppe.
  3459 | D:3      | Reached XP level 4. HP: 38/38 MP: 2/7
  3547 | D:3      | Gained mutation: You are partially covered in large bone
                  | plates. (SH +4) [potion of mutation]
  3547 | D:3      | Gained mutation: You occasionally shout uncontrollably at
                  | your foes. [potion of mutation]
  3547 | D:3      | Gained mutation: Your mind is acute. (Int +2) [potion of
                  | mutation]
  4452 | D:2      | Reached XP level 5. HP: 24/45 MP: 2/9
  4601 | D:2      | Bought a slimy robe for 102 gold pieces
  4601 | D:2      | Identified the +2 robe "Oterirra" {rElec rC- Dex+6} (You
                  | bought it in a shop on level 2 of the Dungeon)
  4660 | D:2      | Lost mutation: Your mind is acute. (Int +2) [potion of
                  | mutation]
  4660 | D:2      | Lost mutation: You occasionally shout uncontrollably at
                  | your foes. [potion of mutation]
  4660 | D:2      | Lost mutation: You are partially covered in large bone
                  | plates. (SH +4) [potion of mutation]
  4660 | D:2      | Gained mutation: Your spells are a little harder to cast,
                  | but a little more powerful. [potion of mutation]
  4660 | D:2      | Gained mutation: You have a somewhat thin skeletal
                  | structure. (Dex +2, Stealth+) [potion of mutation]
  4660 | D:2      | Gained mutation: You sometimes lose the ability to read
                  | scrolls when taking damage. [potion of mutation]
  5397 | D:3      | HP: 1/45 [scorpion zombie (4)]
  5411 | D:3      | Slain by a scorpion zombie

Illustrated notes

Levels and vault maps discovered:
D:1:      zelgadis_glass_arrival_small, layout_basic
D:2:      layout_loops_ring, serial_shops, shop, basic_altar, kennysheep_nub,
          minmay_misc_feat_ornament
D:3:      layout_basic

Skill      XL: |  1  2  3 |
---------------+----------+-----
Fighting       | 1 |  1.8
Dodging        | 2 |  2.3
Stealth        | 4 |  4.4
Spellcasting   | |  2.7
Transmutations | |  1.0
Poison Magic   | |  4.9

Action                   |  1- 3 |  4- 6 || total
-------------------------+-------+-------++-------
Melee: Unarmed           |     1 |       ||     1
       Dagger            |    11 |    49 ||    60
 Cast: Sting             |    75 |    35 ||   110
       Poisonous Vapours |     4 |     2 ||     6
 Abil: Spit Poison       |     5 |       ||     5
  Use: Potion            |       |     5 ||     5
Armor: Robe              |     8 |     9 ||    17
Dodge: Dodged            |    32 |    32 ||    64
Block: Other             |       |     6 ||     6
       Buckler           |       |     1 ||     1

Table legend: (Time is in decaauts)
 A = Elapsed time spent in this place.
 B = Non-inter-level travel time spent in this place.
 C = Inter-level travel time spent in this place.
 D = Time resting spent in this place.
 E = Time spent auto-exploring this place.
 F = Levels seen in this place.
 G = Mean time per level.
                   A        B        C        D        E       F      G
               +--------+--------+--------+--------+--------+-----+--------+
         Total |   6377 |   6237 |    140 |   1388 |   4238 |   3 | 2125.7 |
       Dungeon |   6377 |   6237 |    140 |   1388 |   4238 |   3 | 2125.7 |
               +--------+--------+--------+--------+--------+-----+--------+

Top non-repeatable levels by time:
     D:1: 2638 daAuts
     D:3: 2006 daAuts
     D:2: 1732 daAuts
